 Dungeon Crawl Stone Soup version 0.23.2-1-ga50397a (webtiles) character file.

Game seed: 14944839213800451441

36 IBeShadow the Gusty (level 3, -6/20 HPs)
             Began as a Tengu Air Elementalist on May 15, 2019.
             Mangled by an ice beast (14 damage)
             ... on level 2 of the Dungeon.
             The game lasted 00:03:18 (1923 turns).

IBeShadow the Gusty (Tengu Air Elementalist)        Turns: 1923, Time: 00:03:19

Health: -6/20      AC:  3    Str:  9    XL:     3   Next: 37%
Magic:  7/7        EV: 12    Int: 15    God:
Gold:   78         SH:  0    Dex: 14    Spells: 5/6 levels left

rFire    . . .     SeeInvis .   e - +0 spear
rCold    . . .     Gourm    .   (no shield)
rNeg     . . .     Faith    .   h - +0 leather armour
rPois    .         Spirit   .   (helmet restricted)
rElec    .         Reflect  .   (no cloak)
rCorr    .         Harm     .   (no gloves)
MR       .....                  (boots unavailable)
Stlth    ++........             d - amulet of magic regeneration
HPRegen  0.06/turn              (no ring)
MPRegen  0.35/turn              (no ring)

@: no status effects
A: beak, talons 3
a: no special abilities


You were on level 2 of the Dungeon.
You were hungry.

You visited 1 branch of the dungeon, and saw 2 of its levels.

You collected 78 gold pieces.

Inventory:

Hand Weapons
 e - a +0 spear (weapon)
Armour
 g - a +0 buckler
 h - a +0 leather armour (worn)
Jewellery
 a - an uncursed ring of protection from fire {unknown}
 d - an amulet of magic regeneration (around neck)
Scrolls
 f - a scroll of teleportation {unknown}
 i - a scroll of remove curse {unknown}
Potions
 b - a potion of curing {unknown}
Comestibles
 c - a ration


   Skills:
 + Level 0.8 Fighting
 - Level 2.1 Dodging
 - Level 2.0 Stealth
 * Level 1.2 Shields
 + Level 2.3 Spellcasting
 + Level 2.1 Conjurations
 + Level 4.4 Air Magic


You had 5 spell levels left.
You knew the following spells:

 Your Spells              Type           Power        Failure   Level  Hunger
a - Shock                 Conj/Air       ##..         8%          1    #......

Your spell library contained the following spells:

 Spells                   Type           Power        Failure   Level  Hunger
 Swiftness                Chrm/Air       #.......     19%         2    ###....
 Static Discharge         Conj/Air       ##......     24%         3    ###....
 Airstrike                Air            ###.......   43%         4    #####..
 Lightning Bolt           Conj/Air       ##........   91%         5    ######.


Dungeon Overview and Level Annotations

Branches:
Dungeon (2/15)

Altars:


Innate Abilities, Weirdness & Mutations

You have a beak for a mouth.
You have claws for feet.


Message History

* * * LOW HITPOINT WARNING * * *
Unknown command.
The ice beast closely misses you.
Unknown command.
There is an escape hatch in the floor here.
There is a stone staircase leading up here.
You climb upwards.
There is a stone staircase leading down here.
You start resting.
Your magical contamination has completely faded away.
You start resting.
You are feeling hungry.
You start resting.
HP restored.
You climb downwards.
The ice beast hits you. The ice beast freezes you!
The ice beast closely misses you.
There is a stone staircase leading up here.
The ice beast hits you. The ice beast freezes you!
Ouch! That really hurt!
You die...

..#..##.# #.# .. # #
#.#..##)# #.# .. #.#.
#.#..##.# #.# .#
#....##.#..##.# #.# .#
#...)....##.######.####.#
#...)................#.#
####.##.>......##.#....#
#.##.######.##....#.#
#.##@# #.##...รท#..
#.##Y# #.......... #.##.#
#.####.#.## .....# #.#
#..## .....# #.# #.##
...# #.. #.# #.## ### #.#
#. #.# ...


You could see an ice beast.

Vanquished Creatures
  An adder (D:2)
  An ooze (D:1)
  A worm (D:2)
  3 giant cockroaches (D:1)
  2 hobgoblins (D:1)
  3 jackals (D:1)
  2 bats (D:1)
  A frilled lizard (D:2)
  A goblin (D:2)
  4 kobolds (D:1)
  2 rats (D:1)
21 creatures vanquished.

Notes
Turn   | Place    | Note
-------+----------+-------------------------------------------
     0 | D:1      | IBeShadow the Tengu Air Elementalist began the quest for
                  | the Orb.
     0 | D:1      | Reached XP level 1. HP: 10/10 MP: 4/4
   525 | D:1      | Reached XP level 2. HP: 7/16 MP: 6/6
  1036 | D:1      | Reached skill level 1 in Shields
  1588 | D:2      | Reached XP level 3. HP: 20/20 MP: 2/7
  1660 | D:2      | Noticed an ice beast
  1923 | D:2      | Mangled by an ice beast

Skill      XL: |  1  2 |
---------------+-------+-----
Shields        | 1 |  1.2
Conjurations   | 2 |  2.1
Fighting       | |  0.8
Dodging        | |  2.1
Stealth        | |  2.0
Spellcasting   | |  2.3
Air Magic      | |  4.4

Action                   || total
-------------------------++-------
Melee: Spear             ||    27
       Kick              ||     6
       Club              ||     2
       Unarmed           ||     2
       Peck              ||     3
 Cast: Shock             ||    33
 Stab: Sleeping          ||     1
  Eat: Chunk             ||     3
Armor: Robe              ||     1
       Leather armour    ||     7
Dodge: Dodged            ||    32
